 Dungeon Crawl Stone Soup version 0.26.1-11-gd32895ea62 (webtiles) character file.

Game seed: 5454589497620094991

150 Dorikus the Vexing (level 5, -18/22 HPs)
             Began as a Felid Enchanter on June 2, 2021.
             Demolished by Menkaure (22 damage)
             ... on level 4 of the Dungeon on June 4, 2021.
             The game lasted 00:24:30 (5590 turns).

Dorikus the Vexing (Felid Enchanter)                Turns: 5590, Time: 00:24:31

Health: -18/22     AC:  1    Str:  4    XL:     5   Next: 10%
Magic:  1/9        EV: 19    Int: 18    God:
Gold:   179        SH:  0    Dex: 16    Spells: 3/9 levels left
                                        Lives:  0   Deaths: 1

rFire    . . .     SeeInvis +     - Unarmed
rCold    . . .     Faith    .   (shield unavailable)
rNeg     . . .     Spirit   .   (armour unavailable)
rPois    .         Reflect  .   (helmet unavailable)
rElec    .         Harm     .   (cloak unavailable)
rCorr    .         Rampage  .   (gloves unavailable)
Will     .....                  (boots unavailable)
Stlth    +++.......             (no amulet)
HPRegen  0.07/turn              (no ring)
MPRegen  0.11/turn              (no ring)

@: confusing touch, quick
A: very small, no armour, no weapons or thrown items, stealth, claws 1, fangs 3,
see invisible, speed 1, shaggy fur 1, sharp paws
a: no special abilities


You were on level 4 of the Dungeon.
You visited 1 branch of the dungeon, and saw 4 of its levels.

You collected 179 gold pieces.

Inventory:

Jewellery
 e - an uncursed amulet of regeneration {unknown}
Scrolls
 a - 3 scrolls of identify {unknown}
 c - 2 scrolls of remove curse {unknown}
 f - 2 scrolls of noise {unknown}
 g - 2 scrolls of blinking {unknown}
 h - 2 scrolls of teleportation {unknown}
 i - 2 scrolls of enchant weapon {unknown}
 l - a scroll of fog {unknown}
 m - a scroll of enchant armour {unknown}
 n - a scroll of amnesia {unknown}
Potions
 b - 3 potions of flight {unknown}
 d - a potion of might {unknown}
 j - 2 potions of resistance {unknown}
 k - 2 potions of curing {unknown}
 o - a potion of ambrosia {unknown}
 p - a potion of brilliance {unknown}


   Skills:
 * Level 1.8 Fighting
 + Level 3.9 Dodging
 + Level 5.3 Stealth
 + Level 2.7 Unarmed Combat
 + Level 2.6 Spellcasting
 + Level 5.6 Hexes


You had 3 spell levels left.
You knew the following spells:

 Your Spells              Type           Power        Failure   Level
a - Corona                Hex            24%          1%          1
b - Ensorcelled Hibernat  Hex/Ice        24%          9%          2
c - Confusing Touch       Hex            22%          4%          3

Your spell library contained the following spells:

 Spells                   Type           Power        Failure   Level
 Tukima's Dance           Hex            22%          4%          3
 Dazzling Flash           Conj/Hex       24%          16%         3
 Gell's Gravitas          Tloc           1%           45%         3
 Metabolic Englaciation   Hex/Ice        6%           83%         5
 Yara's Violent Unravell  Hex/Tmut       6%           83%         5
 Petrify                  Tmut/Erth      2%           86%         4


Dungeon Overview and Level Annotations

Branches:
Dungeon (4/15)
 Temple: D:4-7

Altars:
Elyvilon
Yredelemnul

Annotations:
D:4 Menkaure


Innate Abilities, Weirdness & Mutations

You cannot wear armour.
You are incapable of wielding weapons or throwing items.
Your paws allow you to move quietly. (Stealth)
You have sharp claws.
You have razor-sharp teeth.
You have supernaturally acute eyesight. (SInv)
You cover ground quickly.
You are covered in fur. (AC +1)
Your sharp claws are effective at attacking unaware monsters.


Message History

Aim: a hound (severely wounded, chance to affect: 51%)
The hound resists with some effort.
The hound bites you.
* * * LOW HITPOINT WARNING * * *
Casting: Ensorcelled Hibernation (safe; 9% risk of failure)
Confirm with . or Enter, or press ? or * to list all spells.
Aiming: Ensorcelled Hibernation (safe; 9% risk of failure)
Press: ? - help, Shift-Dir - straight line, f/p - hound
Aim: a hound (severely wounded, chance to affect: 51%)
The hound looks drowsy...
Menkaure closely misses you.
The helpless hound fails to defend itself.
You claw the hound!
You kill the hound!
Menkaure misses you.
Welcome back to level 5!
Casting: Ensorcelled Hibernation (safe; 9% risk of failure)
Confirm with . or Enter, or press ? or * to list all spells.
The spell is quite dangerous to cast (4% risk of failure)!
Continue anyway?
Your paws begin to glow red.
Menkaure hits you!!
Ouch! That really hurt!
You die...

#.........##
##...........
##..........#
#...........#
#..........#
#.........###
#..M.........
#...@........
#.###.###...
#.# #.# #.#
####.# #.[..#
#.#### #.
#.####.#
#.##.#


You could see Menkaure (fast).

Vanquished Creatures
  A hound (D:4)
  An orc wizard (D:3)
  Robin (D:2)
  4 gnolls
  3 adders
  2 worms (D:2)
  2 dart slugs (D:1)
  6 leopard geckos
  4 orcs (D:3)
  6 bats
  2 giant cockroaches
  16 goblins
  10 hobgoblins
  3 jackals (D:4)
  A quokka (D:2)
  3 ball pythons
  4 frilled lizards
  6 kobolds
  8 rats
83 creatures vanquished.

Notes
Turn   | Place    | Note
-------+----------+-------------------------------------------
     0 | D:1      | Dorikus the Felid Enchanter began the quest for the Orb.
     0 | D:1      | Reached XP level 1. HP: 7/7 MP: 4/4
   540 | D:1      | Reached XP level 2. HP: 6/11 MP: 6/6
   556 | D:1      | Learned a level 2 spell: Ensorcelled Hibernation
  1206 | D:1      | Reached skill level 5 in Hexes
  1321 | D:1      | Reached XP level 3. HP: 4/14 MP: 0/7
  2436 | D:2      | Noticed Robin
  2821 | D:2      | Reached XP level 4. HP: 2/18 MP: 5/8
  3119 | D:2      | Learned a level 3 spell: Confusing Touch
  3136 | D:2      | Reached skill level 1 in Fighting
  3161 | D:2      | Found a basalt altar of Yredelemnul.
  3433 | D:2      | Reached skill level 5 in Stealth
  3467 | D:2      | Killed Robin
  4031 | D:2      | Reached XP level 5. HP: 20/22 MP: 9/9
  4434 | D:3      | Found a white marble altar of Elyvilon.
  4820 | D:3      | Slain by an orc
  4821 | D:3      | Reached XP level 4. HP: -2/19 MP: 4/8
  5579 | D:4      | Noticed Menkaure
  5590 | D:4      | Reached XP level 5. HP: 4/22 MP: 4/9
  5590 | D:4      | Demolished by Menkaure

Illustrated notes

Levels and vault maps discovered:
D:1:      minmay_arrival_doors, layout_basic
D:2:      layout_basic, general_overflow_altar, minmay_misc_feat_nine_boxes,
          uniq_robin
D:3:      layout_basic, elyvilon_altar_1
D:4:      layout_loops_ring, tgw_sif, uniq_menkaure, uniq_edmund

Skill      XL: |  1  2  3  4 |
---------------+-------------+-----
Hexes          | 5 |  5.6
Dodging        | 3 |  3.9
Fighting       | 1 |  1.8
Unarmed Combat | 2 |  2.7
Stealth        | 5 |  5.3
Spellcasting   | |  2.6

Action                   |  1- 3 |  4- 6 || total
-------------------------+-------+-------++-------
Melee: Unarmed           |   154 |   200 ||   354
       Bite              |    12 |    13 ||    25
       Punch             |     2 |     1 ||     3
 Cast: Corona            |     1 |       ||     1
       Ensorcelled Hiber |    16 |    18 ||    34
       Confusing Touch   |       |     7 ||     7
 Stab: Sleeping          |    10 |    12 ||    22
       Distracted        |       |     2 ||     2
       Confused          |       |     2 ||     2
Armor: Skin              |     5 |    13 ||    18
Dodge: Dodged            |   104 |   158 ||   262
